 Dungeon Crawl Stone Soup version 0.19.1 (webtiles) character file.

35 Gargoyl the Skirmisher (level 3, 23/30 HPs)
             Began as a Demonspawn Abyssal Knight on Nov 30, 2016.
             Was a Follower of Lugonu.
             Quit the game on level 2 of the Dungeon.
             The game lasted 00:01:20 (1183 turns).

Gargoyl the Skirmisher (Demonspawn Abyssal Knight)  Turns: 1183, Time: 00:01:21

Health: 23/30      AC:  6    Str: 13    XL:     3   Next: 16%
Magic:  5/5        EV: 12    Int: 13    God:    Lugonu [*.....]
Gold:   82         SH:  0    Dex: 12    Spells: 0 memorised, 2 levels left

rFire  . . .     SeeInvis .     a - +1 hand axe
rCold  . . .     Gourm    .     g - +0 ring mail
rNeg   . . .     Faith    .     (no shield)
rPois  .         Spirit   +     (no helmet)
rElec  .         Reflect  .     (no cloak)
rCorr  .         Harm     .     d - +0 pair of gloves
MR     .....                    (no boots)
Stlth  +.........               (no amulet)
                                (no ring)
                                (no ring)

@: no status effects
A: repulsion field 1, magic shield
a: Depart the Abyss, Renounce Religion


You were on level 2 of the Dungeon.
You worshipped Lugonu.
Lugonu was aware of your devotion.
You were hungry.

You visited 1 branch of the dungeon, and saw 2 of its levels.
You visited the Abyss 1 time.

You collected 82 gold pieces.

Inventory:

Hand Weapons
 a - a +1 hand axe (weapon)
Armour
 d - a +0 pair of gloves (worn)
 g - a +0 ring mail (worn)
Scrolls
 f - 2 scrolls of identify {unknown}
 h - a scroll of recharging {unknown}
 j - a scroll of teleportation {unknown}
Potions
 b - 2 potions of cancellation {unknown}
 e - a potion of brilliance {unknown}
 i - a potion of heal wounds {unknown}
Comestibles
 c - 2 bread rations


   Skills:
 + Level 3.7 Fighting
 + Level 2.0 Axes
 * Level 2.0 Armour
 + Level 1.1 Dodging
 * Level 2.8 Invocations


You had 2 spell levels left.
You didn't know any spells.

Dungeon Overview and Level Annotations

Branches:
Dungeon (2/15)

Altars:

Annotations:
D:2 Terence


Innate Abilities, Weirdness & Mutations

You are surrounded by a mild repulsion field. (EV +2)
When hurt, damage is shared between your health and your magic reserves.


Message History

Unknown command.
You hit the adder.
The adder is severely wounded.
The adder misses you. x2
You barely miss the adder.
The adder is severely wounded.
The adder barely misses you.
You barely miss the adder.
The adder is severely wounded.
The adder bites you but does no damage. The adder barely misses you.
You hit the adder.
You kill the adder!
Lugonu accepts your kill.
Your Axes skill increases to level 2!
You have reached level 3!
Your experience leads to an increase in your attributes!
Increase (S)trength, (I)ntelligence, or (D)exterity?
You feel stronger.
Your demonic ancestry asserts itself...
You feel your magical essence form a protective shroud around your flesh.
Are you sure you want to abandon this character and quit the game? (Confirm with "yes".)

### ##.# ###.<#
#...##
......#@# ##...
#@#
...##..rg.K...#
.. ###.K......
# #..#.....
.........
.###....( . .
... #. ...r


You could see Terence, a goblin, a kobold and a rat.

Vanquished Creatures
  An adder (D:2)
  An ooze (D:1)
  A bat (D:1)
  2 giant cockroaches (D:1)
  2 goblins (D:1)
  A hobgoblin (D:1)
  7 jackals (D:1)
  A frilled lizard (D:1)
  A kobold (D:1)
  2 rats
19 creatures vanquished.

Notes
Turn   | Place    | Note
-------+----------+-------------------------------------------
     0 | Abyss:1  | Gargoyl the Demonspawn Abyssal Knight began the quest for the Orb.
     0 | Abyss:1  | Reached XP level 1. HP: 18/18 MP: 2/2
    51 | Abyss:2  | Noticed a thrashing horror
    51 | Abyss:2  | Noticed a thrashing horror
    70 | Abyss:3  | Noticed a small abomination
    71 | Abyss:3  | Noticed a large abomination
    76 | D:1      | Escaped the Abyss
   409 | D:1      | Reached * piety under Lugonu
   519 | D:1      | Gained mutation: You are surrounded by a mild repulsion field. (EV +2) [demonic ancestry]
   519 | D:1      | Reached XP level 2. HP: 16/24 MP: 3/3
   681 | D:1      | Reached skill level 1 in Dodging
  1177 | D:2      | Noticed Terence
  1182 | D:2      | Gained mutation: When hurt, damage is shared between your health and your magic reserves. [demonic ancestry]
  1182 | D:2      | Reached XP level 3. HP: 23/30 MP: 5/5
  1183 | D:2      | Quit the game

Skill      XL: |  1  2 |
---------------+-------+-----
Dodging        | 1 |  1.1
Armour         | 2 |  2.0
Axes           | 2 |  2.0
Fighting       | |  3.7
Invocations    | |  2.8

Action                   || total
-------------------------++-------
Melee: Hand axe          ||    46
Invok: Depart the Abyss  ||     1
Armor: Leather armour    ||     9
       Ring mail         ||    12
Dodge: Dodged            ||    41
